Map: [ESL] Goldenaura

Players

Nice

  • Race: Protoss Protoss
  • Spawn Location: 5:00

Reynor - Winner!

  • Race: Zerg Zerg
  • Spawn Location: 12:00

Event: ESL Spring 2024 Finals

VOD

Have the link to the VOD?

Description

Time

  • Played on: May 31, 2024, 5:02 p.m.
  • Length: 23:47

All games in this series

Show
View Real Time Build Order
Export as new Build Order

Nice Protoss 

Build Orders: 1 Gate Expand, Oracle Opening, Carriers, Carrier Rush 

Get SALT Encoding   

  12  0:00  Probe  
  13  0:12  Probe  
  14  0:19  Pylon  
  14  0:24  Probe  
  15  0:37  Probe (Chrono Boost)  
  15  0:38  Gateway  
  16  0:47  Assimilator  
  16  0:48  Probe (Chrono Boost)  
  17  0:53  Probe (Chrono Boost)  
  18  1:03  Probe  
  19  1:15  Probe  
  20  1:24  Nexus  
  20  1:35  Cybernetics Core  
  20  1:41  Assimilator  
  20  1:42  Probe  
  21  1:53  Pylon  
  21  1:54  Probe (Chrono Boost)  
  22  2:06  Probe (Chrono Boost)  
  23  2:09  Adept (Chrono Boost)  
  23  2:12  Probe (Chrono Boost)  
  26  2:20  Probe  
  27  2:23  Stargate  
  27  2:29  Warp Gate  
  27  2:33  Adept  
  27  2:36  Probe (Chrono Boost)  
  30  2:37  Probe (Chrono Boost)  
  31  2:46  Probe (Chrono Boost)  
  31  2:48  Probe (Chrono Boost)  
  33  2:51  Probe (Chrono Boost)  
  33  2:54  Gateway  
  33  2:57  Probe  
  35  3:03  Probe  
  40  3:13  Void Ray (Chrono Boost), Probe  
  40  3:15  Probe  
  42  3:22  Pylon  
  42  3:25  Probe  
  43  3:31  Probe  
  44  3:38  Probe  
  44  3:40  Oracle (Chrono Boost)  
  45  3:44  Probe  
  49  3:51  Nexus  
  49  3:53  Pylon  
  49  4:00  Probe x2  
  51  4:04  Assimilator  
  51  4:07  Assimilator  
  51  4:13  Fleet Beacon  
  51  4:14  Probe (Chrono Boost)  
  51  4:16  Probe (Chrono Boost)  
  54  4:25  Probe (Chrono Boost)  
  54  4:28  Probe (Chrono Boost)  
  54  4:29  Pylon  
  54  4:30  Probe (Chrono Boost)  
  55  4:32  Stargate  
  55  4:36  Probe  
  57  4:40  Probe  
  57  4:43  Shield Battery  
  58  4:46  Forge  
  58  4:49  Probe  
  59  4:53  Probe  
  59  4:55  Carrier (Chrono Boost)  
  60  5:01  Probe  
  60  5:04  Probe  
  60  5:05  Probe  
  69  5:07  Shield Battery  
  69  5:12  Pylon  
  69  5:13  Probe  
  70  5:16  Probe  
  70  5:17  Probe  
  70  5:20  Carrier (Chrono Boost)  
  72  5:25  Probe  
  79  5:28  Probe  
  79  5:33  Assimilator, Probe  
  81  5:35  Assimilator  
  81  5:38  Probe  
  81  5:40  Probe  
  83  5:45  Robotics Facility, Probe  
  83  5:47  Protoss Air Weapons Level 1 (Chrono Boost)  
  83  5:48  Pylon  
  84  5:50  Probe  
  84  5:52  Probe  
  84  5:53  Pylon  
  86  6:01  Probe  
  86  6:03  Carrier (Chrono Boost)  
  93  6:06  Probe x2  
  95  6:13  Gateway, Probe  
  95  6:16  Gateway  
  95  6:17  Gateway  
  96  6:22  Carrier (Chrono Boost)  
  102  6:30  Photon Cannon  
  102  6:33  Photon Cannon  
  102  6:36  Shield Battery  
  102  6:38  Observer  
  102  6:39  Robotics Bay  
  103  6:56  Carrier  
  103  6:57  Photon Cannon  
  103  6:58  Pylon  
  103  6:59  Shield Battery, Photon Cannon  
  109  7:16  Pylon, Probe (Chrono Boost)  
  109  7:17  Probe x2 (Chrono Boost)  
  109  7:19  Nexus, Twilight Council  
  112  7:24  Observer  
  113  7:33  Probe (Chrono Boost)  
  113  7:35  Probe (Chrono Boost)  
  113  7:36  Shield Battery  
  120  7:38  Mothership (Chrono Boost), Pylon  
  120  7:39  Colossus (Chrono Boost)  
  120  7:41  Pylon  
  123  7:48  Probe x2  
  125  7:54  Assimilator  
  125  7:56  Carrier  
  125  7:58  Assimilator, Protoss Ground Weapons Level 1 (Chrono Boost)  
  131  7:59  Photon Cannon  
  131  8:00  Probe  
  131  8:01  Shield Battery  
  131  8:03  Templar Archives  
  132  8:06  Probe (Chrono Boost)  
  132  8:10  Robotics Facility  
  133  8:17  Charge  
  135  8:20  Probe (Chrono Boost)  
  135  8:24  Probe (Chrono Boost)  
  135  8:30  Colossus  
  143  8:35  Probe (Chrono Boost)  
  143  8:37  Gateway  
  143  8:40  Gateway  
  143  8:41  Forge, Pylon, Psionic Storm  
  142  8:45  Shield Battery  
  142  8:46  Photon Cannon  
  142  8:48  Pylon  
  142  8:58  Protoss Air Weapons Level 2  
  142  9:01  High Templar  
  144  9:05  Gateway, High Templar  
  146  9:13  High Templar  
  148  9:23  Protoss Ground Armor Level 1 (Chrono Boost)  
  148  9:25  Nexus, Observer  
  148  9:27  Pylon  
  148  9:30  Probe x4, Immortal (Chrono Boost)  
  158  9:32  Assimilator  
  158  9:36  Assimilator  
  158  9:37  Colossus (Chrono Boost)  
  162  9:39  Pylon  
  162  9:42  Pylon  
  162  9:44  Pylon  
  162  9:45  Gravitic Boosters  
  162  9:49  Probe x4  
  164  9:57  Zealot x6  
  164  9:59  Shield Battery  
  175  10:01  High Templar  
  175  10:02  Observer (Chrono Boost)  
  178  10:13  Protoss Ground Weapons Level 2 (Chrono Boost)  
  178  10:14  Pylon  
  178  10:17  Blink, Photon Cannon  
  186  10:23  Immortal (Chrono Boost)  
  186  10:24  Immortal (Chrono Boost)  
  186  10:38  Oracle, Gateway  
  186  10:39  Oracle, Gateway  
  186  10:40  Gateway  
  186  10:42  Gateway  
  192  10:49  Observer (Chrono Boost)  
  191  10:51  Observer (Chrono Boost)  
  191  10:53  High Templar x2  
  196  10:57  Photon Cannon  
  196  11:00  Photon Cannon  
  196  11:01  Shield Battery, Warp Prism (Chrono Boost), Archon, Photon Cannon  
  198  11:04  Photon Cannon  
  198  11:05  Pylon  
  190  11:27  Pylon  
  190  11:45  Protoss Air Weapons Level 3 (Chrono Boost)  
  190  11:46  High Templar x3  
  190  11:47  High Templar x3  
  196  11:50  Archon x2  
  196  11:51  Archon  
  200  12:06  Cybernetics Core  
  200  12:13  Gateway  
  200  12:17  Gateway  
  200  12:19  Gateway  
  200  12:20  Gateway  
  200  12:24  Gateway  
  200  12:26  Gateway  
  186  12:30  Pylon  
  142  12:40  Stalker x2  
  142  12:41  Stalker x6  
  142  12:42  Stalker x3  
  142  12:43  Stalker  
  152  12:49  Void Ray x2 (Chrono Boost)  
  160  12:51  Stargate  
  166  13:00  Protoss Air Armor Level 1  
  166  13:02  Mothership (Chrono Boost)  
  166  13:05  High Templar x4  
  174  13:12  Nexus  
  174  13:13  Pylon  
  174  13:16  Zealot x2  
  182  13:34  Void Ray x2  
  182  13:35  Protoss Ground Weapons Level 3 (Chrono Boost)  
  182  13:36  Stalker  
  182  13:37  Stalker x7  
  182  13:38  Stalker  
  195  14:01  Pylon  
  195  14:09  Nexus  
  195  14:10  Pylon  
  195  14:12  Pylon x2  
  195  14:14  Assimilator  
  195  14:18  Assimilator  
  184  14:33  Photon Cannon  
  184  14:35  Photon Cannon  
  184  14:38  Photon Cannon  
  182  14:40  Photon Cannon  
  182  14:41  Zealot x2  
  182  14:42  Zealot x9, Photon Cannon  
  182  14:44  Shield Battery  
  186  15:02  High Templar x5  
  186  15:03  High Templar x4  
  200  15:07  Archon x2  
  200  15:08  Archon x3  
  200  15:09  Archon  
  196  15:20  Archon  
  196  15:21  High Templar x2  
  200  15:28  Archon  
  200  15:30  Forge  
  200  15:34  Protoss Air Armor Level 2 (Chrono Boost)  
  194  15:41  Zealot x6  
  190  15:55  Carrier (Chrono Boost)  
  190  16:03  Zealot x5, Protoss Ground Armor Level 2 (Chrono Boost)  
  192  16:12  Carrier (Chrono Boost)  
  192  16:18  Nexus  
  198  16:21  Photon Cannon  
  198  16:22  Photon Cannon  
  198  16:24  Shield Battery  
  198  16:25  High Templar  
  200  16:31  Photon Cannon  
  200  16:33  Photon Cannon  
  200  16:35  Photon Cannon  
  200  16:37  Photon Cannon x2  
  200  16:39  Shield Battery  
  198  16:41  Photon Cannon  
  198  16:42  High Templar  
  198  16:43  High Templar x4, Photon Cannon  
  198  16:53  Protoss Shields Level 1 (Chrono Boost)  
  194  17:23  Mothership (Chrono Boost)  
  200  17:30  Pylon  
  194  17:51  High Templar  
  194  17:52  High Templar  
  198  18:00  Archon  
  198  18:10  Zealot  
  199  18:17  Dark Shrine  
  195  18:33  Photon Cannon  
  191  18:37  Photon Cannon  
  191  18:38  High Templar x2, Photon Cannon  
  191  18:39  High Templar x3  
  191  18:40  Photon Cannon  
  191  18:41  Photon Cannon x2  
  199  18:43  Shield Battery, Photon Cannon  
  199  18:44  Shield Battery, Archon x2  
  187  18:57  Stalker x5  
  177  19:14  Stalker  
  177  19:15  Stalker x6  
  177  19:16  Stalker  
  183  19:35  Nexus  
  183  19:36  Pylon  
  183  19:37  Carrier  
  183  19:38  Carrier x2  
  194  20:03  Stalker, Pylon  
  194  20:04  Stalker x3  
  174  20:17  High Templar x3  
  174  20:18  High Templar x6  
  174  20:19  High Templar x4  
  200  20:22  Archon x2  
  200  20:23  Archon x3  
  200  20:26  Photon Cannon x2  
  200  20:28  Pylon  
  198  20:29  Photon Cannon  
  198  20:35  Archon  
  188  20:48  Archon x3  
  171  20:55  Stalker x6  
  171  20:56  Stalker x6  
  171  20:57  Stalker x3  
  189  21:03  Observer x2 (Chrono Boost)  
  194  21:30  Zealot x2  
  194  21:31  Zealot  
  200  21:45  Photon Cannon  
  200  21:47  Photon Cannon  
  200  21:48  Photon Cannon  
  200  21:49  Photon Cannon  
  200  21:51  Shield Battery  
  200  21:52  Shield Battery  
  200  21:53  Pylon  
  197  22:00  Dark Templar x2  
  198  22:02  Dark Templar  
  198  22:17  Zealot x2  
  198  22:21  Dark Templar x2  
  198  22:22  Dark Templar x2  
  188  22:29  Observer x2  
  166  22:38  Dark Templar  
  142  22:49  Stalker x6  
  142  22:50  Stalker x3, Zealot x5  
  142  22:51  Zealot  
  76  23:14  Zealot x4  
  76  23:15  Zealot x8  
  76  23:17  High Templar x2  
  76  23:18  Pylon, High Templar x2  
  104  23:21  Archon x2  
  91  23:37  Zealot x11  
Show
View Real Time Build Order
Export as new Build Order

Reynor Zerg - Winner!

Build Orders: Hatch First 

Get SALT Encoding   

  12  0:00  Drone  
  13  0:12  Overlord  
  13  0:16  Drone  
  14  0:30  Drone x2  
  16  0:47  Hatchery  
  15  0:51  Drone  
  15  0:55  Drone  
  17  0:58  Drone  
  18  1:09  Extractor  
  17  1:13  Spawning Pool  
  17  1:16  Drone  
  17  1:20  Drone  
  18  1:27  Drone  
  19  1:38  Drone  
  20  1:48  Drone  
  21  1:59  Queen  
  21  2:00  Queen  
  21  2:01  Drone, Overlord  
  26  2:10  Drone x2  
  28  2:16  Metabolic Boost  
  28  2:21  Zergling x4  
  30  2:31  Drone  
  30  2:32  Drone  
  32  2:38  Hatchery  
  32  2:42  Drone x2  
  33  2:53  Overlord  
  33  2:54  Drone  
  33  2:55  Queen  
  36  3:10  Queen  
  36  3:11  Drone  
  36  3:12  Drone, Overlord  
  40  3:13  Drone  
  40  3:14  Drone  
  40  3:17  Drone  
  40  3:18  Drone  
  44  3:26  Overlord  
  44  3:30  Drone  
  44  3:31  Drone, Queen  
  44  3:33  Zergling x2  
  49  3:39  Zergling x2  
  50  3:41  Drone  
  50  3:42  Zergling x2  
  50  3:46  Overlord  
  50  3:48  Zergling x2  
  53  3:54  Drone x3, Roach Warren  
  54  3:58  Lair  
  54  4:01  Overlord  
  54  4:02  Drone  
  56  4:05  Drone x3  
  56  4:08  Spore Crawler  
  58  4:12  Drone  
  58  4:13  Drone x3  
  62  4:17  Spore Crawler  
  62  4:18  Zergling x4  
  62  4:22  Drone  
  62  4:23  Evolution Chamber  
  63  4:30  Drone x2  
  65  4:32  Roach Warren  
  65  4:33  Drone  
  65  4:35  Queen  
  65  4:37  Overlord  
  67  4:40  Drone x2  
  67  4:41  Drone  
  67  4:43  Drone  
  67  4:45  Drone x2  
  73  4:53  Overlord  
  73  4:54  Extractor  
  73  4:55  Drone x3, Zerg Missile Weapons Level 1  
  73  4:56  Drone, Extractor  
  73  4:57  Overseer  
  73  4:59  Drone x2  
  77  5:04  Drone, Overlord  
  77  5:05  Drone x2  
  77  5:07  Drone  
  81  5:09  Overlord  
  81  5:12  Drone x3  
  84  5:15  Drone, Extractor  
  84  5:16  Drone x2  
  86  5:23  Extractor  
  86  5:24  Drone, Extractor  
  85  5:29  Drone x2  
  85  5:30  Hydralisk Den  
  85  5:31  Drone x2  
  85  5:33  Drone, Hatchery  
  88  5:37  Overlord  
  88  5:41  Overlord  
  88  5:46  Overlord  
  88  5:55  Overlord  
  88  5:58  Hydralisk  
  88  5:59  Hydralisk x6  
  88  6:02  Queen  
  103  6:04  Queen  
  103  6:06  Muscular Augments  
  103  6:08  Hydralisk  
  107  6:12  Hydralisk  
  107  6:17  Hydralisk x2  
  113  6:21  Drone x8  
  113  6:24  Drone  
  122  6:26  Hydralisk  
  122  6:31  Drone x2, Infestation Pit, Extractor  
  124  6:35  Extractor  
  124  6:36  Overlord  
  124  6:37  Hydralisk x2  
  124  6:39  Drone x2  
  129  6:44  Overlord  
  129  6:47  Drone x4  
  129  6:48  Drone  
  129  6:49  Overlord  
  129  6:50  Overlord  
  129  6:52  Drone  
  129  6:53  Evolution Chamber  
  134  6:54  Zerg Ground Armor Level 1  
  134  6:59  Drone x2  
  136  7:09  Hive  
  136  7:10  Infestor, Grooved Spines  
  136  7:12  Drone x2  
  140  7:16  Overlord  
  140  7:19  Zerg Melee Weapons Level 1  
  140  7:20  Hatchery  
  139  7:23  Infestor  
  139  7:26  Drone x3  
  139  7:28  Overlord  
  144  7:30  Spire  
  143  7:40  Overlord  
  142  7:48  Drone x17  
  142  7:51  Hatchery  
  158  7:54  Overseer  
  158  8:00  Spore Crawler  
  157  8:06  Extractor  
  157  8:08  Overlord  
  157  8:09  Extractor  
  157  8:10  Hydralisk  
  157  8:11  Hydralisk x3  
  163  8:22  Ultralisk Cavern, Adrenal Glands  
  163  8:25  Drone x4  
  166  8:28  Spore Crawler  
  166  8:29  Spine Crawler x2  
  166  8:32  Spine Crawler  
  162  8:35  Spore Crawler  
  162  8:36  Drone x2  
  162  8:38  Spine Crawler  
  162  8:46  Drone x2  
  164  8:49  Overlord  
  164  8:50  Zerg Flyer Armor Level 1  
  164  8:51  Spine Crawler  
  164  8:53  Spore Crawler x2  
  161  9:00  Spine Crawler  
  160  9:06  Zerg Ground Armor Level 2  
  172  9:10  Chitinous Plating, Ultralisk x4  
  172  9:13  Viper x2, Overseer  
  172  9:15  Viper  
  192  9:19  Drone x3  
  192  9:23  Spore Crawler x2  
  193  9:25  Spore Crawler x2  
  191  9:35  Spine Crawler, Extractor  
  191  9:36  Spore Crawler x2  
  191  9:38  Extractor  
  185  9:56  Pneumatized Carapace  
  185  9:57  Zerg Melee Weapons Level 2  
  184  10:08  Drone x3  
  184  10:09  Spine Crawler, Spore Crawler  
  184  10:10  Spine Crawler  
  184  10:13  Ultralisk  
  190  10:20  Spine Crawler x2  
  188  10:24  Corruptor x6  
  200  10:32  Spine Crawler  
  200  10:33  Spine Crawler x2  
  200  10:34  Spore Crawler  
  200  10:35  Drone x4  
  200  10:44  Zerg Flyer Armor Level 2  
  200  10:45  Spire  
  199  10:56  Spore Crawler  
  198  10:57  Spine Crawler x2  
  198  10:58  Spine Crawler, Spore Crawler  
  198  11:00  Overseer  
  198  11:01  Overseer x3  
  198  11:02  Corruptor x3  
  199  11:19  Anabolic Synthesis  
  199  11:22  Overseer  
  199  11:29  Zerg Ground Armor Level 3  
  199  12:06  Zerg Flyer Weapons Level 1  
  181  12:36  Corruptor  
  181  12:37  Corruptor x19  
  193  12:48  Ultralisk  
  199  13:00  Zerg Flyer Armor Level 3  
  199  13:03  Lurker Den  
  198  13:09  Zerg Melee Weapons Level 3  
  194  13:38  Queen  
  194  13:39  Zergling x8  
  200  13:53  Zergling x8  
  200  14:02  Seismic Spines  
  199  14:20  Hatchery  
  194  14:34  Zergling x12  
  191  14:57  Ultralisk x2  
  182  15:02  Zergling x2  
  182  15:03  Zergling x10  
  178  15:09  Hydralisk x2  
  178  15:10  Zergling x4  
  178  15:13  Lurker x4  
  188  15:16  Adaptive Talons  
  188  15:17  Ultralisk  
  194  15:43  Hydralisk x2  
  190  16:11  Ultralisk x2  
  190  16:13  Lurker x3  
  190  16:17  Lurker  
  194  16:19  Zerg Flyer Weapons Level 2  
  194  16:20  Greater Spire  
  190  16:35  Zergling x18  
  199  16:47  Spine Crawler  
  199  16:49  Spine Crawler x2  
  196  17:06  Overseer  
  193  17:14  Infestor x2  
  193  17:15  Infestor  
  199  17:22  Viper  
  198  17:44  Hatchery  
  196  17:59  Spine Crawler x2  
  196  18:01  Zergling x12  
  196  18:03  Baneling Nest  
  199  18:09  Zergling x8  
  199  18:10  Zergling x2  
  198  18:14  Zergling x6  
  200  18:22  Overlord  
  192  18:49  Ultralisk  
  192  18:53  Zergling x2, Ultralisk  
  192  18:54  Zergling x2  
  194  18:58  Zergling x12  
  200  19:09  Ultralisk x2  
  200  19:14  Zergling x24  
  200  19:25  Hatchery  
  198  19:46  Zergling x4  
  200  19:59  Zergling x4  
  176  20:17  Zergling x10, Ultralisk x3  
  196  20:31  Zergling x6  
  194  20:47  Zergling x6, Ultralisk  
  193  20:54  Zergling x2, Ultralisk x3  
  193  20:55  Zergling x6  
  200  21:18  Zergling x2  
  194  21:33  Zergling x2  
  194  21:34  Zergling x10  
  194  21:39  Hatchery  
  199  21:56  Zergling x2  
  199  21:59  Extractor  
  199  22:03  Extractor  
  199  22:04  Zergling x4  
  196  22:09  Spine Crawler  
  196  22:10  Spine Crawler  
  196  22:13  Zergling x12  
  199  22:18  Zergling x2  
  197  22:27  Zergling x8  
  184  22:43  Zergling x10, Ultralisk x4  
  175  22:51  Zergling x52  
  175  22:53  Overseer  
  175  22:56  Ultralisk x2  
  188  23:00  Zergling x2  
  188  23:01  Zergling x40  
  188  23:05  Spore Crawler  
  194  23:08  Ultralisk  
  197  23:18  Zergling x2  
  195  23:27  Zergling x18  
  195  23:28  Zergling x8  
Tags
 
Add a new tag
Caveats
  • Supply blocks, unpowered buildings, or Contaminate may cause inaccurate times.
  • Supply counts are checked every 10 seconds.